 Dungeon Crawl Stone Soup version 0.30.1-5-ged363bc7ee (webtiles) character file.

Game seed: 11533171194111881923

3582 wingedge the Digger (level 9, -4/74 HPs)
             Began as a Demigod Earth Elementalist on Sept 19, 2023.
             Slain by an orc warlord
             ... wielding a +3 battleaxe
              (12 damage)
             ... in a bailey.
             The game lasted 00:22:12 (6807 turns).

wingedge the Digger (Demigod Earth Elementalist)    Turns: 6807, Time: 00:22:12

Health: -4/74      AC:  6    Str: 22    XL:     9   Next: 55%
Magic:  14/28      EV: 11    Int: 25    God:
Gold:   491        SH:  0    Dex: 14    Spells: 13/16 levels left

rFire   + + .        a - +1 hand axe of the Incandescent {freeze, *Corrode rF++ Str+3}
rCold   . . .        (no shield)
rNeg    . . .        j - +0 ring mail
rPois   .            k - +1 hat
rElec   .            (no cloak)
rCorr   .            (no gloves)
SInv    .            (no boots)
Will    .....        h - amulet of magic regeneration
Stlth   ++           g - ring of magical power
HPRegen 0.32/turn    p - +6 ring of strength
MPRegen 0.61/turn

%: corrode self (3%)
@: about to teleport
A: high MP 1, forlorn, divine attributes
a: no special abilities


You were in a bailey.
You visited 2 branches of the dungeon, and saw 8 of its levels.
You also visited: Bailey.

You collected 506 gold pieces.
You spent 15 gold pieces at shops.

Inventory:

Hand Weapons
 a - the +1 hand axe of the Incandescent (weapon) {freeze, *Corrode rF++ Str+3}
   (You found it on level 7 of the Dungeon)

   Str:       It affects your strength (+3).
   rF:        It greatly protects you from fire.
   *Corrode:  It may corrode you when you take damage.
 b - a +0 broad axe
 d - a +1 short sword of freezing
 H - a +1 dagger of venom
Missiles
 n - 15 poisoned darts
Armour
 j - a +0 ring mail (worn)
 k - a +1 hat (worn)
 v - a +0 robe
Jewellery
 f - a ring of flight
 g - a ring of magical power (left hand)
 h - an amulet of magic regeneration (around neck)
 p - a +6 ring of strength (right hand)
 r - an amulet of regeneration
 A - an amulet of reflection
 B - a ring of fire
 F - a ring of protection from fire
Wands
 E - a wand of flame (14)
Scrolls
 c - 4 scrolls of teleportation
 z - a scroll of amnesia
 C - a scroll of fog
 G - a scroll of blinking {unknown}
 I - a scroll of enchant armour {unknown}
 J - 2 scrolls of magic mapping {unknown}
 K - a scroll of brand weapon {unknown}
Potions
 e - a potion of attraction {unknown}
 i - 2 potions of heal wounds {unknown}
 l - 4 potions of cancellation
 m - a potion of ambrosia {unknown}
 o - 2 potions of magic
 q - 3 potions of curing
 s - 4 potions of haste
 t - 4 potions of lignification
 u - a potion of berserk rage {unknown}
 x - 3 potions of might
 D - 2 potions of resistance {unknown}
 L - a potion of experience


   Skills:
 - Level 5.0 Fighting
 + Level 4.3 Armour
 - Level 2.0 Dodging
 - Level 4.0 Stealth
 + Level 4.3 Spellcasting
 + Level 6.5 Conjurations
 - Level 0.8 Transmutations
 + Level 2.4 Air Magic
 + Level 6.6 Earth Magic


You had 13 spell levels left.
You knew the following spells:

 Your Spells              Type           Power      Damage    Failure   Level
b - Stone Arrow           Conj/Erth      76%        3d11      2%          3

Your spell library contained the following spells:

 Spells                   Type           Power      Damage    Failure   Level
 Sandblast                Erth           76%        2d16      1%          1
 Static Discharge         Conj/Air       54%        2-5/arc   3%          2
 Passwall                 Tmut/Erth      20%        N/A       4%          2
 Lesser Beckoning         Tloc           10%        N/A       21%         2
 Petrify                  Tmut/Erth      24%        N/A       30%         4
 Gell's Gravitas          Tloc           5%         N/A       38%         3
 Teleport Other           Tloc           5%         N/A       38%         3
 Airstrike                Air            8%         2d(2-18)  45%         4
 Summon Lightning Spire   Summ/Air       11%        N/A       63%         4


Dungeon Overview and Level Annotations

Branches:
Dungeon (7/15)             Temple (1/1) D:5          Bailey (1/1)

Shops:
D:6 (   D:7 !


Innate Abilities, Weirdness & Mutations

You have an increased reservoir of magic. (+10% MP)
You shall have no god before yourself.
Your divine heritage dramatically boosts your attributes as you level up.


Message History

Okay, then.
Aiming: Stone Arrow (mildly dangerous; 2% risk of failure)
Press: ? - help, Q - select action, (/) - cycle Shift-Dir - straight line, f/p - orc warlord
Aim: an orc warlord, wielding a +3 battleaxe and wearing a +0 plate armour (poisoned, 84% to hit)
The stone arrow misses the orc warlord.
Aiming: Stone Arrow (mildly dangerous; 2% risk of failure)
Press: ? - help, Q - select action, (/) - cycle Shift-Dir - straight line, f/p - orc warlord
Aim: an orc warlord, wielding a +3 battleaxe and wearing a +0 plate armour (lightly wounded, poisoned, 84% to hit)
The stone arrow hits the orc warlord.
The orc warlord is lightly wounded.
Aiming: Stone Arrow (mildly dangerous; 2% risk of failure)
Press: ? - help, Q - select action, (/) - cycle Shift-Dir - straight line, f/p - orc warlord
Aim: an orc warlord, wielding a +3 battleaxe and wearing a +0 plate armour (lightly wounded, poisoned, 84% to hit)
The stone arrow hits the orc warlord!
The orc warlord is lightly wounded.
Aiming: Stone Arrow (mildly dangerous; 2% risk of failure)
Press: ? - help, Q - select action, (/) - cycle Shift-Dir - straight line, f/p - orc warlord
Aim: an orc warlord, wielding a +3 battleaxe and wearing a +0 plate armour (lightly wounded, poisoned, 84% to hit)
The stone arrow hits the orc warlord!
The orc warlord is moderately wounded.
The orc warlord hits you with a +3 battleaxe!!
As you read the scroll of teleportation, it crumbles to dust.
You feel strangely unstable.
The orc warlord hits you with a +3 battleaxe!
Aiming: Stone Arrow (mildly dangerous; 2% risk of failure)
Press: ? - help, Q - select action, (/) - cycle Shift-Dir - straight line, f/p - orc warlord
Aim: an orc warlord, wielding a +3 battleaxe and wearing a +0 plate armour (moderately wounded, poisoned, 84% to hit)
The stone arrow hits the orc warlord!
The orc warlord is heavily wounded.
The orc warlord looks more healthy.
The orc warlord hits you with a +3 battleaxe!!!
Ouch! That really hurt!
* * * LOW HITPOINT WARNING * * *
Aiming: Stone Arrow (mildly dangerous; 2% risk of failure)
Press: ? - help, Q - select action, (/) - cycle Shift-Dir - straight line, f/p - orc warlord
Aim: an orc warlord, wielding a +3 battleaxe and wearing a +0 plate armour (heavily wounded, 84% to hit)
The stone arrow hits the orc warlord!
The orc warlord is heavily wounded.
The orc warlord hits you with a +3 battleaxe!
You die...

..##.......##...o...##
..# #....)..# .##
##...(.## ## ####'##
.## ##.....## ..#
#.......# ..##
##.......## ...#
#....o....# )g.##
##....@....##
)...#######....)).....#
)..##.....##.........##
[))#.......#.........#
..##.......##.......##
..'.........')......#
.##)....)..)##.....##
##.))..⌠...).#######
##.........##


You could see an orc warlord.

Vanquished Creatures
  2 orc knights (Bailey)
  A wyvern (D:7)
  The ghost of Radiant the Conjurer, an amateur DrCj of Nemelex Xobeh (D:4)
  3 water moccasins
  7 orc warriors
  A black bear (D:6)
  A centaur (D:5)
  A kobold brigand (D:6)
  A phantom (D:7)
  A bullfrog (D:6)
  3 scorpions
  6 killer bees (D:7)
  2 hounds
  3 jellies
  A sleepcap (D:4)
  Jessica (D:2)
  3 iguanas
  7 adders
  8 gnolls
  6 river rats (D:5)
  A shadow imp (D:5)
  An ufetubus (D:5)
  2 worms (D:2)
  4 dart slugs
  17 orcs
  6 bats
  7 endoplasms
  3 giant cockroaches
  16 goblins
  13 hobgoblins
  11 jackals
  9 quokkas
  10 ball pythons
  3 frilled lizards
  12 kobolds
  21 rats
  A spectral hobgoblin (D:5)
196 creatures vanquished.

Notes
Turn   | Place    | Note
-------+----------+-------------------------------------------
     0 | D:1      | wingedge the Demigod Earth Elementalist began the quest for
                  | the Orb.
     0 | D:1      | Reached XP level 1. HP: 14/14 MP: 5/5
   319 | D:1      | Reached XP level 2. HP: 20/22 MP: 7/7
   489 | D:1      | Reached skill level 1 in Fighting
   489 | D:1      | Reached skill level 1 in Conjurations
   647 | D:2      | Reached XP level 3. HP: 28/28 MP: 8/8
   671 | D:1      | Learned a level 3 spell: Stone Arrow
  1403 | D:2      | Noticed Jessica
  1406 | D:2      | Killed Jessica
  1407 | D:2      | Reached XP level 4. HP: 36/36 MP: 9/9
  2456 | D:4      | Reached XP level 5. HP: 18/41 MP: 10/10
  2627 | D:4      | Found a runed translucent gate.
  2629 | D:4      | Found a runed translucent gate.
  2629 | D:4      | Found a runed translucent gate.
  2634 | D:4      | Noticed Radiant's ghost (amateur DrCj)
  2648 | D:4      | Killed Radiant's ghost
  2649 | D:4      | Reached XP level 6. HP: 50/50 MP: 9/11
  3489 | D:4      | Identified the +0 ring mail of the Desolation of Salt
                  | {-Cast Will- Str+6 Dex+2}
  3620 | D:5      | Entered Level 5 of the Dungeon
  3649 | D:5      | Found a staircase to the Ecumenical Temple.
  3845 | D:5      | Reached XP level 7. HP: 42/57 MP: 6/13
  4523 | Temple   | Entered the Ecumenical Temple
  4594 | D:5      | Reached skill level 5 in Earth Magic
  5028 | D:6      | Reached skill level 1 in Armour
  5028 | D:6      | Reached XP level 8. HP: 66/66 MP: 15/15
  5050 | D:6      | Found Noemen's Antique Weapon Emporium.
  5114 | D:6      | Reached skill level 5 in Conjurations
  5510 | D:7      | Found Arrieck's Distillery.
  5518 | D:7      | Bought a potion of degeneration for 15 gold pieces
  5784 | D:7      | Found a flagged portal.
  5792 | D:7      | Identified the +1 hand axe of the Incandescent {freeze,
                  | *Corrode rF++ Str+3}
  5796 | Bailey   | Entered a bailey
  6132 | Bailey   | Reached XP level 9. HP: 71/71 MP: 6/18
  6194 | Bailey   | Noticed an orc knight
  6224 | Bailey   | Killed an orc knight
  6225 | Bailey   | Reached skill level 1 in Air Magic
  6362 | Bailey   | Noticed an orc knight
  6422 | Bailey   | Killed an orc knight
  6614 | Bailey   | Reached skill level 5 in Fighting
  6685 | Bailey   | Noticed an orc warlord
  6807 | Bailey   | Slain by an orc warlord

Illustrated notes

Levels and vault maps discovered:
D:1:      lemuel_arrival_rhombus, layout_basic, minivault_14, minmay_octomino_e4
D:2:      layout_basic, kennysheep_jessica_study
D:3:      layout_loops_ring, mainiacjoe_overflow_surrounded_room,
          shapermc_ecumenical_altar_mp_vishouse, uniq_jessica
D:4:      layout_basic, ebering_ghost_rock_garden, supply_closet_lemuel,
          grunt_decor_mini_mirrors
D:5:      lemuel_ratsnest, layout_loops_ring,
          nicolae_hepliaklqana_monster_ancestors,
          minmay_temple_entry_glassed_door
D:6:      layout_loops_ring, mainiacjoe_overflow_tiny_flanked, serial_shops,
          shop
D:7:      layout_basic, mainiacjoe_overflow_paths, enter_bailey_2, serial_shops,
          shop, roderic_lattice_a
Temple:   nicolae_temple_hex_pool
Bailey:   bailey_axe_minmay_hex_keep, bailey

Skill      XL: |  1  2  3  4  5  6  7  8  9 |
---------------+----------------------------+-----
Stealth        | 2 3 4 |  4.0
Dodging        | 2 |  2.0
Spellcasting   | 2 3 4 |  4.3
Earth Magic    | 3 4 5 6 |  6.6
Fighting       | 1 2 3 4 5 |  5.0
Conjurations   | 1 2 3 4 6 |  6.5
Armour         | 1 3 4 |  4.3
Air Magic      | 2 |  2.4
Transmutations | |  0.8

Action                     |  1- 3 |  4- 6 |  7- 9 || total
---------------------------+-------+-------+-------++-------
  Melee: Dagger            |       |       |     3 ||     3
  Throw: Dart              |       |       |     2 ||     2
   Cast: Sandblast         |    65 |    55 |    13 ||   133
         Stone Arrow       |       |    36 |   158 ||   194
    Use: Scroll            |       |       |    15 ||    15
         Potion            |       |       |     2 ||     2
 Armour: Robe              |     7 |    12 |       ||    19
         Ring mail         |       |       |     3 ||     3
  Dodge: Dodged            |    12 |    17 |    21 ||    50
